[ AOE2 MATCH · #505125409 ]
UnrankedMongols vs Lithuanians
Player's team · LOSS
[ REPLAY ANALYSIS · EXTRACTED FROM THE RECORDED GAME ]
Feudal
8:48
Castle
—
Imperial
—
| APM avg | 68.1 |
| APM peak | 97 |
| eAPM avg | 30.9 |
| Villagers / military | 73 / 64 |
Focus
⚔️ 41.5% · 🌾 58.5%
Archer ×42 · Scout Cavalry ×15 · Spearman ×5 · Skirmisher ×2
Feudal
15:57
Castle
29:37
Imperial
—
| APM avg | 46.2 |
| APM peak | 89 |
| eAPM avg | 21.3 |
| Villagers / military | 70 / 53 |
Focus
⚔️ 38.7% · 🌾 61.3%
Skirmisher ×22 · Militia ×15 · Knight ×6 · Spearman ×6 · Mangonel ×4
Match map
Initial resources + every placement click. Lines = walls · curves = elevation contours. ◆ gold · ⬟ stone · ● berries · ✦ relic · ◌ wall gap
Your base· Open — unwalled flank
[C82]sasuke's base· Open — 6t gap
Smoothed initial terrain · ◌ = detected wall gap · hover for details
Inputs per minute
— NHN Forever - - [C82]sasuke
Build order — NHN Forever
First 150 of 214 actions detected
| 0:00 | Queue | Villager (Male) |
| 0:01 | Queue | Villager (Male) |
| 0:01 | Queue | Villager (Male) |
| 0:02 | Build | House |
| 0:04 | Build | House |
| 0:08 | Queue | Villager (Male) |
| 1:22 | Queue | Villager (Male) |
| 1:57 | Queue | Villager (Male) |
| 1:57 | Queue | Villager (Male) |
| 2:11 | Queue | Villager (Male) |
| 2:44 | Queue | Villager (Male) |
| 3:06 | Queue | Villager (Male) |
| 3:41 | Queue | Villager (Male) |
| 4:13 | Queue | Villager (Male) |
| 4:34 | Research | Loom |
| 4:44 | Build | Lumber Camp |
| 4:50 | Build | Mining Camp |
| 5:57 | Build | Palisade Wall |
| 6:15 | Build | Palisade Wall |
| 6:29 | Build | Palisade Gate |
| 6:32 | Build | Palisade Wall |
| 6:38 | Research | Feudal Age |
| 6:56 | Build | Palisade Wall |
| 7:21 | Build | Palisade Gate |
| 8:11 | Build | Palisade Wall |
| 8:26 | Build | Palisade Wall |
| 8:40 | Queue | Villager (Male) |
| 8:48 | Age | Feudal Age |
| 8:55 | Build | Watch Tower |
| 9:56 | Queue | Villager (Male) |
| 9:59 | Build | House |
| 10:04 | Build | Barracks |
| 10:59 | Queue | Villager (Male) |
| 11:24 | Build | Archery Range |
| 11:37 | Queue | Villager (Male) |
| 11:37 | Queue | Villager (Male) |
| 11:41 | Build | Palisade Wall |
| 12:09 | Queue | Archer |
| 12:09 | Queue | Archer |
| 12:32 | Build | Blacksmith |
| 12:48 | Queue | Villager (Male) |
| 12:49 | Queue | Villager (Male) |
| 12:53 | Queue | Archer |
| 12:53 | Queue | Archer |
| 12:54 | Queue | Archer |
| 13:08 | Build | House |
| 13:35 | Build | Mill |
| 13:54 | Build | House |
| 14:06 | Queue | Archer |
| 14:19 | Research | Fletching |
| 14:29 | Queue | Villager (Male) |
| 14:29 | Queue | Villager (Male) |
| 14:46 | Queue | Villager (Male) |
| 14:47 | Queue | Villager (Male) |
| 15:35 | Queue | Archer |
| 16:06 | Build | Mining Camp |
| 16:08 | Queue | Archer |
| 16:11 | Build | Farm |
| 16:13 | Build | Farm |
| 16:53 | Queue | Villager (Male) |
| 16:54 | Queue | Villager (Male) |
| 16:55 | Build | Farm |
| 17:02 | Queue | Archer |
| 17:36 | Queue | Villager (Male) |
| 17:36 | Queue | Villager (Male) |
| 17:40 | Build | House |
| 17:43 | Build | Farm |
| 18:06 | Build | Lumber Camp |
| 18:31 | Queue | Villager (Male) |
| 18:32 | Queue | Villager (Male) |
| 18:46 | Build | Farm |
| 18:46 | Queue | Villager (Male) |
| 18:46 | Queue | Villager (Male) |
| 18:59 | Build | Palisade Wall |
| 19:11 | Build | Palisade Wall |
| 19:13 | Build | Palisade Wall |
| 19:14 | Build | House |
| 19:33 | Queue | Villager (Male) |
| 19:46 | Queue | Archer |
| 19:46 | Queue | Archer |
| 20:09 | Queue | Archer |
| 20:31 | Queue | Villager (Male) |
| 20:31 | Queue | Villager (Male) |
| 20:44 | Queue | Archer |
| 20:44 | Queue | Archer |
| 20:44 | Queue | Archer |
| 20:45 | Queue | Archer |
| 21:08 | Queue | Villager (Male) |
| 21:08 | Queue | Villager (Male) |
| 21:23 | Build | House |
| 21:29 | Build | Farm |
| 21:35 | Queue | Villager (Male) |
| 21:36 | Queue | Villager (Male) |
| 21:39 | Queue | Skirmisher |
| 21:40 | Queue | Skirmisher |
| 22:11 | Build | House |
| 22:57 | Queue | Villager (Male) |
| 22:58 | Queue | Archer |
| 22:59 | Queue | Archer |
| 22:59 | Queue | Archer |
| 23:15 | Queue | Villager (Male) |
| 23:16 | Queue | Villager (Male) |
| 23:19 | Queue | Archer |
| 23:20 | Queue | Archer |
| 23:36 | Build | Stone Wall |
| 23:40 | Build | Stone Wall |
| 23:45 | Build | Market |
| 23:56 | Queue | Villager (Male) |
| 24:08 | Queue | Archer |
| 24:08 | Queue | Archer |
| 24:10 | Queue | Villager (Male) |
| 24:10 | Queue | Villager (Male) |
| 24:11 | Queue | Villager (Male) |
| 24:17 | Build | Stone Wall |
| 24:36 | Build | Watch Tower |
| 24:48 | Build | Lumber Camp |
| 25:26 | Queue | Villager (Male) |
| 25:26 | Queue | Villager (Male) |
| 25:43 | Queue | Villager (Male) |
| 25:44 | Queue | Villager (Male) |
| 25:46 | Queue | Archer |
| 25:46 | Queue | Archer |
| 26:28 | Queue | Villager (Male) |
| 26:29 | Queue | Villager (Male) |
| 26:29 | Queue | Villager (Male) |
| 27:01 | Queue | Villager (Male) |
| 27:08 | Build | House |
| 27:22 | Research | Padded Archer Armor |
| 27:25 | Build | House |
| 27:26 | Build | House |
| 27:36 | Queue | Archer |
| 27:36 | Queue | Archer |
| 28:36 | Queue | Villager (Male) |
| 28:37 | Queue | Villager (Male) |
| 28:37 | Queue | Archer |
| 28:38 | Queue | Archer |
| 28:50 | Queue | Villager (Male) |
| 28:50 | Queue | Villager (Male) |
| 28:53 | Build | Stable |
| 29:10 | Queue | Villager (Male) |
| 29:13 | Build | Farm |
| 29:13 | Build | Farm |
| 29:17 | Build | Farm |
| 29:31 | Queue | Archer |
| 29:42 | Queue | Scout Cavalry |
| 29:42 | Queue | Scout Cavalry |
| 29:56 | Build | Farm |
| 29:57 | Build | Farm |
| 30:08 | Queue | Scout Cavalry |
| 30:08 | Queue | Scout Cavalry |
Build order — [C82]sasuke
First 150 of 196 actions detected
| 0:01 | Queue | Villager (Male) |
| 0:02 | Build | House |
| 0:04 | Build | House |
| 0:07 | Queue | Villager (Male) |
| 0:07 | Queue | Villager (Male) |
| 0:08 | Queue | Villager (Male) |
| 0:08 | Queue | Villager (Male) |
| 0:08 | Queue | Villager (Male) |
| 0:08 | Queue | Villager (Male) |
| 1:24 | Queue | Villager (Male) |
| 1:24 | Queue | Villager (Male) |
| 2:11 | Research | Loom |
| 2:14 | Queue | Villager (Male) |
| 2:51 | Queue | Villager (Male) |
| 3:32 | Build | House |
| 3:52 | Queue | Villager (Male) |
| 4:06 | Queue | Villager (Male) |
| 4:36 | Queue | Villager (Male) |
| 5:05 | Build | Barracks |
| 5:14 | Queue | Villager (Male) |
| 5:50 | Queue | Militia |
| 5:50 | Queue | Militia |
| 5:50 | Queue | Militia |
| 6:03 | Queue | Villager (Male) |
| 6:19 | Build | House |
| 6:20 | Queue | Villager (Male) |
| 6:21 | Build | Palisade Gate |
| 6:35 | Build | Palisade Wall |
| 6:39 | Build | Palisade Wall |
| 6:49 | Build | House |
| 7:03 | Queue | Villager (Male) |
| 7:11 | Queue | Militia |
| 7:12 | Queue | Militia |
| 7:14 | Queue | Villager (Male) |
| 7:14 | Queue | Villager (Male) |
| 7:47 | Queue | Militia |
| 7:47 | Queue | Militia |
| 7:56 | Queue | Villager (Male) |
| 8:32 | Queue | Villager (Male) |
| 8:32 | Queue | Villager (Male) |
| 9:10 | Queue | Villager (Male) |
| 10:02 | Build | Lumber Camp |
| 10:05 | Queue | Villager (Male) |
| 10:29 | Queue | Villager (Male) |
| 10:33 | Build | House |
| 11:06 | Build | Mill |
| 11:09 | Queue | Villager (Male) |
| 11:34 | Queue | Villager (Male) |
| 11:38 | Build | Farm |
| 11:39 | Build | Farm |
| 11:59 | Queue | Villager (Male) |
| 12:02 | Build | Mill |
| 12:15 | Build | House |
| 12:25 | Build | Farm |
| 12:40 | Queue | Villager (Male) |
| 12:45 | Build | Farm |
| 12:46 | Build | Farm |
| 13:01 | Build | House |
| 13:02 | Build | Palisade Wall |
| 13:09 | Queue | Villager (Male) |
| 13:18 | Build | Farm |
| 13:27 | Build | Farm |
| 13:47 | Research | Feudal Age |
| 14:00 | Queue | Militia |
| 14:08 | Build | Mining Camp |
| 14:09 | Queue | Villager (Male) |
| 15:11 | Build | House |
| 15:13 | Build | House |
| 15:16 | Build | House |
| 15:17 | Build | House |
| 15:35 | Build | House |
| 15:40 | Build | Palisade Wall |
| 15:57 | Age | Feudal Age |
| 16:06 | Build | Watch Tower |
| 16:18 | Build | Watch Tower |
| 16:21 | Research | Man-at-Arms (upgrade) |
| 16:22 | Queue | Villager (Male) |
| 16:27 | Build | House |
| 17:08 | Build | Farm |
| 17:47 | Build | Watch Tower |
| 17:51 | Queue | Villager (Male) |
| 17:53 | Build | House |
| 18:05 | Queue | Villager (Male) |
| 18:24 | Queue | Villager (Male) |
| 18:29 | Build | Mining Camp |
| 18:32 | Queue | Villager (Male) |
| 18:40 | Build | Farm |
| 18:43 | Queue | Villager (Male) |
| 19:24 | Queue | Militia |
| 19:24 | Queue | Militia |
| 19:24 | Queue | Militia |
| 19:30 | Queue | Villager (Male) |
| 19:35 | Build | Farm |
| 19:57 | Queue | Villager (Male) |
| 20:01 | Build | Archery Range |
| 20:20 | Queue | Villager (Male) |
| 20:34 | Build | Blacksmith |
| 20:57 | Queue | Skirmisher |
| 20:57 | Queue | Skirmisher |
| 20:58 | Queue | Skirmisher |
| 21:02 | Queue | Villager (Male) |
| 21:09 | Build | Market |
| 21:21 | Research | Fletching |
| 21:21 | Research | Fletching |
| 21:38 | Build | Watch Tower |
| 21:47 | Queue | Villager (Male) |
| 21:53 | Queue | Skirmisher |
| 21:54 | Queue | Skirmisher |
| 22:08 | Build | Farm |
| 22:18 | Queue | Villager (Male) |
| 22:25 | Build | House |
| 22:50 | Queue | Militia |
| 23:12 | Queue | Villager (Male) |
| 23:18 | Queue | Spearman |
| 23:36 | Build | Watch Tower |
| 23:39 | Build | Farm |
| 23:52 | Queue | Skirmisher |
| 23:53 | Queue | Skirmisher |
| 23:53 | Queue | Skirmisher |
| 24:08 | Queue | Skirmisher |
| 24:15 | Queue | Villager (Male) |
| 24:23 | Queue | Villager (Male) |
| 24:39 | Queue | Villager (Male) |
| 25:01 | Build | Farm |
| 25:02 | Build | Farm |
| 25:44 | Queue | Militia |
| 25:45 | Queue | Militia |
| 25:45 | Queue | Militia |
| 26:45 | Build | Farm |
| 26:57 | Research | Castle Age |
| 27:07 | Queue | Skirmisher |
| 27:08 | Queue | Skirmisher |
| 27:22 | Queue | Skirmisher |
| 27:23 | Queue | Skirmisher |
| 27:23 | Queue | Skirmisher |
| 28:07 | Queue | Skirmisher |
| 28:07 | Queue | Skirmisher |
| 28:33 | Build | Mining Camp |
| 29:01 | Build | Farm |
| 29:14 | Build | Stable |
| 29:27 | Build | Farm |
| 29:37 | Age | Castle Age |
| 29:51 | Build | Siege Workshop |
| 30:06 | Queue | Knight |
| 30:11 | Queue | Villager (Male) |
| 30:12 | Queue | Villager (Male) |
| 30:12 | Queue | Villager (Male) |
| 30:24 | Queue | Villager (Male) |
| 30:24 | Queue | Villager (Male) |
| 30:26 | Build | Farm |
Match timeline
| 5:05 | [C82]sasuke · first_building Barracks |
| 5:57 | NHN Forever · wall_segment Palisade Wall x5 |
| 6:15 | NHN Forever · wall_segment Palisade Wall x2 |
| 6:32 | NHN Forever · wall_segment Palisade Wall x4 |
| 6:35 | [C82]sasuke · wall_segment Palisade Wall x1 |
| 6:39 | [C82]sasuke · wall_segment Palisade Wall x1 |
| 6:56 | NHN Forever · wall_segment Palisade Wall x3 |
| 8:11 | NHN Forever · wall_segment Palisade Wall x1 |
| 8:26 | NHN Forever · wall_segment Palisade Wall x1 |
| 8:48 | NHN Forever · age_up feudal |
| 10:04 | NHN Forever · first_building Barracks |
| 11:24 | NHN Forever · first_building Archery Range |
| 11:41 | NHN Forever · wall_segment Palisade Wall x1 |
| 13:02 | [C82]sasuke · wall_segment Palisade Wall x3 |
| 15:40 | [C82]sasuke · wall_segment Palisade Wall x1 |
| 15:57 | [C82]sasuke · age_up feudal |
| 18:59 | NHN Forever · wall_segment Palisade Wall x4 |
| 19:11 | NHN Forever · wall_segment Palisade Wall x1 |
| 19:13 | NHN Forever · wall_segment Palisade Wall x1 |
| 20:01 | [C82]sasuke · first_building Archery Range |
| 23:36 | NHN Forever · wall_segment Stone Wall x1 |
| 23:40 | NHN Forever · wall_segment Stone Wall x4 |
| 24:12 | [C82]sasuke · first_market_sell 500 stone |
| 24:13 | [C82]sasuke · first_market_buy 500 food |
| 24:17 | NHN Forever · wall_segment Stone Wall x1 |
| 24:23 | NHN Forever · first_market_buy 100 stone |
| 28:53 | NHN Forever · first_building Stable |
| 29:14 | [C82]sasuke · first_building Stable |
| 29:37 | [C82]sasuke · age_up castle |
| 29:51 | [C82]sasuke · first_building Siege Workshop |
| 35:04 | NHN Forever · wall_segment Palisade Wall x2 |
| 35:23 | NHN Forever · first_market_sell 100 wood |
| 36:44 | [C82]sasuke · first_building Castle |
| 36:51 | NHN Forever · wall_segment Palisade Wall x1 |
| 37:46 | NHN Forever · resign |
[ AI ANALYSIS · 1 CREDIT ]
What really happened in this match?
Wolo.gg analyzes every decision: build order, eco, micro, common mistakes by bracket. Personalized analysis on WhatsApp or Discord in 30 seconds.
Civ guide
Mongols
Perfil
Jugador #15779222